 Dungeon Sprint DCSS version 0.20.1-1-g8b1a95d (console) character file.

2333 bli the Protected (level 9, -18/81 HPs)
             Began as a Demonspawn Fighter on Sept 5, 2017.
             Demolished by an earth elemental (25 damage)
             ... in the Dungeon (Sprint V: "Ziggurat Sprint").
             The game lasted 00:10:41 (704 turns).

bli the Protected (Demonspawn Fighter)               Turns: 704, Time: 00:10:42

Health: -18/81     AC: 23    Str: 19    XL:     9   Next: 19%
Magic:  9/9        EV: 11    Int:  9    God:
Gold:   0          SH: 10    Dex: 26    Spells: 8/8 levels left

rFire    + . .     SeeInvis .   N - +8 lance {slay drac, rPois rF+ rC+ AC+3}
rCold    + . .     Gourm    .   l - +3 buckler
rNeg     . . .     Faith    .   W - +5 storm dragon scales
rPois    +         Spirit   .   (helmet unavailable)
rElec    +         Reflect  .   (no cloak)
rCorr    .         Harm     .   (no gloves)
MR       .....     NoTele   +   (no boots)
Stlth    ..........             (no amulet)
Regen    0.3/turn               w - +6 ring of dexterity
MPRegen  0.2/turn               v - +6 ring of dexterity

@: no status effects
A: horns 3, spiny 1, sturdy frame 1
a: no special abilities


You were in the Dungeon.
You were not hungry.

You visited 1 branch

Inventory:

Hand Weapons
 L - a +5 bardiche
 M - a +5 demon trident
 N - the +8 lance "Wyrmbane" (weapon) {slay drac, rPois rF+ rC+ AC+3}
   (You found it in the Dungeon)

   It affects your AC (+3).
   It protects you from fire.
   It protects you from cold.
   It protects you from poison.
 O - the cursed +13 scythe of Curses {drain, *Curse}
   (You found it in the Dungeon)

   A truly terrible weapon, it drains the life of those it strikes.
   It curses itself when equipped.
   It has a curse placed upon it.
Armour
 b - a +0 scale mail
 l - a +3 buckler (worn)
 P - the +18 shield of the Gong {rElec rN+ MR+ EV-5}
   (You found it in the Dungeon)

   It affects your evasion (-5).
   It insulates you from electricity.
   It protects you from negative energy.
   It affects your resistance to hostile enchantments.
 Q - a +5 crystal plate armour
 R - +5 fire dragon scales
 S - +5 gold dragon scales
 T - +5 ice dragon scales
 V - +5 shadow dragon scales
 W - +5 storm dragon scales (worn)
Jewellery
 v - a +6 ring of dexterity (right hand)
 w - a +6 ring of dexterity (left hand)
 x - a +6 ring of intelligence
 y - a +6 ring of intelligence
 z - a +6 ring of strength
 A - a +6 ring of strength
 B - an uncursed ring of flight
Wands
 r - a wand of disintegration (7/24)
 s - a wand of iceblast (5/15)
 t - a wand of lightning (5/15)
 u - a wand of acid (5/15)
Scrolls
 k - 4 scrolls of blinking
 C - 4 scrolls of amnesia
 D - 3 scrolls of recharging
 E - 8 scrolls of fog
 F - 5 scrolls of identify
 G - 5 scrolls of remove curse
 H - 2 scrolls of fear
 I - a scroll of holy word
Potions
 d - 6 potions of might
 e - 10 potions of curing
 g - 9 potions of heal wounds
 h - 6 potions of haste
 i - 7 potions of magic
 j - 3 potions of berserk rage
 m - 2 potions of brilliance
 n - 2 potions of invisibility
 o - 4 potions of resistance
 p - a potion of experience
 q - 5 potions of agility
Comestibles
 f - 5 bread rations
 J - 42 fruits
 K - 4 meat rations


   Skills:
 * Level 11.2 Fighting
 * Level 9.7 Polearms
 * Level 11.5 Armour
 + Level 2.7 Dodging
 + Level 7.6 Shields


You had 8 spell levels left.
You didn't know any spells.

Dungeon Overview and Level Annotations

Branches:
Dungeon (1/1)

Altars:
Ashenzari
Cheibriados
Dithmenos
Elyvilon
Fedhas
Gozag
Hepliaklqana
Kikubaaqudgha
Makhleb
Nemelex Xobeh
Okawaru
Qazlal
Ru
Sif Muna
Trog
Uskayaw
Vehumet
Xom
Yredelemnul
Zin
The Shining One
Beogh
Jiyva
Lugonu

Annotations:
D 1 transporter


Innate Abilities, Weirdness & Mutations

You have a pair of large horns on your head.
You are partially covered in sharp spines.
Your movements are slightly less encumbered by armour. (ER -2)


Message History

You feel much better. The hand axe of freezing hits you!
* * * LOW HITPOINT WARNING * * *
The hand axe of freezing freezes you.
* * * LOW HITPOINT WARNING * * *
You puncture the earth elemental!
Your headbutt misses the earth elemental.
The earth elemental is moderately damaged.
The hand axe of freezing is struck by your spines.
The hand axe of freezing misses you. The earth elemental hits you!
* * * LOW HITPOINT WARNING * * *
You hit the earth elemental but do no damage.
You headbutt the earth elemental, but do no damage.
The earth elemental is moderately damaged.
The hand axe of freezing is struck by your spines.
The hand axe of freezing hits you but does no damage.
You hit the earth elemental but do no damage.
The earth elemental is moderately damaged.
The hand axe of freezing completely misses you.
The earth elemental hits you!!
You die...

▓▓▓▓▓▓▓▓▓▓▓▓▓▓▓▓▓▓
▓.8©8.▓.8©8.▓.8©8.
▓.|)|.▓.:)).▓.....
▓..=..▓..[..▓.)...
▓.....▓....)▓.....
▓.....▓....)▓.)...
▓E(...▓.....▓.....
▓@)...▓.....▓▓▓▓▓▓
▓▓▓▓▓▓▓▓▓▓▓▓▓


You could see an earth elemental and a hand axe of freezing.

Vanquished Creatures
  2 dancing weapons (D)
  2 deep elf magi (D)
  A fire elemental (D)
  A naga (D)
  An adder (D)
7 creatures vanquished.

Notes
Turn   | Place    | Note
-------+----------+-------------------------------------------
     0 | D        | bli the Demonspawn Fighter began the quest for the Orb.
     0 | D        | Reached XP level 1. HP: 18/18 MP: 1/1
     5 | D        | Found a blossoming altar of Fedhas.
    19 | D        | Found a deep blue altar of Sif Muna.
    19 | D        | Found a sacrificial altar of Ru.
    19 | D        | Found a bloodstained altar of Trog.
    19 | D        | Found a stormy altar of Qazlal.
    19 | D        | Found an iron altar of Okawaru.
    19 | D        | Found a sparkling altar of Nemelex Xobeh.
    25 | D        | Found a corrupted altar of Lugonu.
    25 | D        | Found an ancient bone altar of Kikubaaqudgha.
    25 | D        | Found a burning altar of Makhleb.
    25 | D        | Found a transporter.
    25 | D        | Found a viscous altar of Jiyva.
    25 | D        | Found a hazy altar of Hepliaklqana.
    32 | D        | Found an opulent altar of Gozag.
   111 | D        | Entered arena 2.
   111 | D        | Noticed a naga
   111 | D        | Found a transporter.
   116 | D        | Gained mutation: You have a pair of small horns on your head. [demonic ancestry]
   116 | D        | Reached XP level 2. HP: 25/25 MP: 2/2
   122 | D        | Killed a naga
   122 | D        | Reached skill level 5 in Armour
   122 | D        | Gained mutation: You have a pair of horns on your head. [demonic ancestry]
   122 | D        | Reached XP level 3. HP: 6/34 MP: 3/3
   122 | D        | Reached XP level 4. HP: 7/40 MP: 4/4
   373 | D        | Entered arena 3.
   373 | D        | Noticed a hand axe of flaming
   373 | D        | Noticed a deep elf mage
   373 | D        | Noticed a fire elemental
   373 | D        | Found a transporter.
   380 | D        | Killed a fire elemental
   380 | D        | Reached skill level 1 in Dodging
   380 | D        | Reached skill level 5 in Shields
   380 | D        | Reached XP level 5. HP: 43/48 MP: 5/5
   389 | D        | Killed a deep elf mage
   389 | D        | Gained mutation: Your movements are slightly less encumbered by armour. (ER -2) [demonic ancestry]
   389 | D        | Reached XP level 6. HP: 35/58 MP: 6/6
   389 | D        | Gained mutation: You are partially covered in sharp spines. [demonic ancestry]
   389 | D        | Reached XP level 7. HP: 39/64 MP: 7/7
   396 | D        | Killed a hand axe of flaming
   396 | D        | Reached skill level 10 in Fighting
   396 | D        | Reached skill level 10 in Armour
   396 | D        | Reached XP level 8. HP: 20/72 MP: 8/8
   679 | D        | Entered arena 4.
   679 | D        | Noticed a deep elf mage
   679 | D        | Noticed a hand axe of freezing
   679 | D        | Noticed a long sword of pain
   679 | D        | Found a transporter.
   687 | D        | Killed a long sword of pain
   699 | D        | Killed a deep elf mage
   699 | D        | Gained mutation: You have a pair of large horns on your head. [demonic ancestry]
   699 | D        | Reached XP level 9. HP: 28/81 MP: 9/9
   700 | D        | HP: 4/81 [earth elemental (24)]
   704 | D        | Demolished by an earth elemental

Skill      XL: |  1  2  3  4  5  6  7  8 |
---------------+-------------------------+-----
Polearms       | 2 3 4 6 8 9 |  9.7
Armour         | 3 5 7 9 10 11 | 11.5
Shields        | 3 4 5 6 7 |  7.6
Fighting       | 6 7 9 10 11 | 11.2
Dodging        | 1 2 |  2.7

Action                   |  1- 3 |  4- 6 |  7- 9 || total
-------------------------+-------+-------+-------++-------
Melee: Lance             |    11 |    13 |    28 ||    52
       Headbutt          |     2 |     5 |     6 ||    13
  Use: Potion            |       |       |     1 ||     1
Armor: Scale mail        |     3 |       |       ||     3
       Storm dragon scal |       |     9 |    14 ||    23
Dodge: Dodged            |     3 |     4 |     5 ||    12
Block: Buckler           |     6 |    11 |    13 ||    30
